 Dungeon Crawl Stone Soup version 0.29-a0-553-g81b289dbe5 (webtiles) character file.

Game seed: 10881056876081786959

2321 pokeman the Thaumaturge (level 9, -1/47 HPs)
             Began as a Deep Elf Hedge Wizard on June 6, 2022.
             Was an Initiate of Vehumet.
             Slain by a shadow (29 damage)
             ... on level 6 of the Dungeon.
             The game lasted 00:14:45 (7759 turns).

pokeman the Thaumaturge (Deep Elf Hedge Wizard)     Turns: 7759, Time: 00:14:46

Health: -1/47      AC:  6    Str:  7    XL:     9   Next: 18%
Magic:  15/26      EV: 12    Int: 24    God:    Vehumet [......]
Gold:   252        SH:  0    Dex: 14    Spells: 19/30 levels left

rFire   . . .      SeeInvis .   F - +8 arc blade {discharge, rElec}
rCold   . . .      Faith    .   (no shield)
rNeg    . . .      Spirit   .   x - +0 leather armour
rPois   .          Reflect  .   f - +0 helmet
rElec   +          Harm     .   y - +0 cloak
rCorr   .          Rampage  .   q - +0 pair of gloves
Will    .....                   (no boots)
Stlth   ++........              (no amulet)
HPRegen 0.15/turn               (no ring)
MPRegen 0.20/turn               (no ring)

@: no status effects
A: no striking features
a: Renounce Religion


You were on level 6 of the Dungeon.
You worshipped Vehumet.
Vehumet was noncommittal.
You visited 2 branches of the dungeon, and saw 7 of its levels.

You collected 252 gold pieces.

Inventory:

Hand Weapons
 b - a +2 quarterstaff of chaos
 E - a +0 shortbow
 F - the +8 arc blade (weapon) {discharge, rElec}
   (You found it on level 6 of the Dungeon)

   It occasionally unleashes powerful arcs of lightning upon striking a foe.
   These may arc to other adjacent creatures (including the wielder, but dealing
   reduced damage to them) before grounding out.
   rElec:     It insulates you from electricity.
Armour
 f - a +0 helmet (worn)
 j - a scarf of invisibility
 q - a +0 pair of gloves (worn)
 u - a +0 kite shield
 x - a +0 leather armour (worn)
 y - a +0 cloak (worn)
Magical Staves
 D - a staff of poison
Scrolls
 a - a scroll of blinking {unknown}
 g - 2 scrolls of summoning {unknown}
 i - 5 scrolls of teleportation {unknown}
 k - 3 scrolls of amnesia {unknown}
 m - a scroll of fear {unknown}
 o - 4 scrolls of torment {unknown}
 s - a scroll of immolation {unknown}
 t - 3 scrolls of identify {unknown}
 A - 2 scrolls of brand weapon {unknown}
 B - 3 scrolls of magic mapping {unknown}
 C - a scroll of enchant weapon {unknown}
Potions
 c - a potion of lignification {unknown}
 d - 3 potions of magic
 e - 2 potions of curing
 h - a potion of might {unknown}
 l - 2 potions of invisibility {unknown}
 n - 5 potions of attraction {unknown}
 p - a potion of haste {unknown}
 r - 3 potions of resistance {unknown}
 v - a potion of degeneration {unknown}
 w - 2 potions of heal wounds {unknown}
 z - a potion of mutation {unknown}
 G - a potion of flight {unknown}


   Skills:
 + Level 1.4 Fighting
 - Level 2.0 Armour
 - Level 3.0 Dodging
 - Level 3.3 Stealth
 - Level 2.0 Shields
 * Level 11.1 Spellcasting
 + Level 6.0 Conjurations
 - Level 1.1 Summonings
 - Level 1.1 Translocations
 + Level 4.2 Fire Magic
 - Level 1.6 Air Magic
 - Level 2.4 Poison Magic
 - Level 2.4 Evocations


You had 19 spell levels left.
You knew the following spells:

 Your Spells              Type           Power      Damage    Failure   Level
a - Magic Dart            Conj           100%       1d8       1%          1
b - Mephitic Cloud        Conj/Pois/Air  29%        N/A       5%          3
c - Call Imp              Summ           18%        N/A       7%          2
d - Blink                 Tloc           36%        N/A       7%          2
e - Conjure Flame         Conj/Fire      37%        6-21      2%          3

Your spell library contained the following spells:

 Spells                   Type           Power      Damage    Failure   Level
 Slow                     Hex            52%        N/A       7%          1
 Frozen Ramparts          Ice            26%        1d4       21%         3
 Summon Ice Beast         Ice/Summ       15%        N/A       50%         4
 Ice Form                 Ice/Tmut       13%        N/A       56%         4
 Malign Gateway           Summ/Tloc      9%         N/A       100%        7
 Summon Horrible Things   Summ           9%         N/A       100%        8


Dungeon Overview and Level Annotations

Branches:
Dungeon (6/15)             Temple (1/1) D:5

Altars:
Cheibriados
Dithmenos
Elyvilon
Fedhas
Gozag
Hepliaklqana
Makhleb
Nemelex Xobeh
Qazlal
Sif Muna
Trog
Vehumet
Wu Jian
Xom
Yredelemnul
Zin

Portals:
Abyss: D:6

Annotations:
D:6 2 transporters, Heh's ghost, novice OpWz


Message History

Unknown command.
Casting: Magic Dart (safe; 1% risk of failure)
Confirm with . or Enter, or press ? or * to list all spells.
Aiming: Mephitic Cloud (dangerous; 5% risk of failure)
Press: ? - help, Shift-Dir - straight line, f - troll
Aim: a troll (chance to affect: 67%) That beam is likely to hit you.
Continue anyway?
The ball explodes into a vile cloud!
The stinking cloud engulfs the troll but does no damage.
The stinking cloud engulfs you but does no damage.
You are engulfed in noxious fumes.
You hear an angry hiss.
The troll is engulfed in noxious fumes.
The troll appears confused.
The troll bites the shadow!
The troll completely misses the shadow.
The troll claws the shadow.
Unknown command.
The gnoll shaman seems less confused.
The gnoll shaman is engulfed in noxious fumes.
The gnoll shaman appears confused.
The gnoll shaman misses the shadow.
The troll is engulfed in noxious fumes.
The troll appears confused.
You puncture the troll!
The troll is lightly wounded.
The gnoll shaman is engulfed in noxious fumes.
The gnoll shaman appears confused.
The troll is engulfed in noxious fumes.
The troll appears confused.
Unknown command.
You puncture the troll!
The troll is moderately wounded.
The gnoll shaman is engulfed in noxious fumes.
The troll barely misses you. The troll claws you. The troll claws you!
The gnoll shaman cries.
The shadow slips into darkness.
The shadow flickers and vanishes!
Deactivating autopickup; reactivate with Ctrl-A.
You puncture the troll!
The troll is heavily wounded.
The gnoll shaman mumbles something.
The shadow strikes at you from the darkness!
Ouch! That really hurt!
You die...

#.###...# ..#.##
........+ ..... .......#
#######.#.## #.###..#
......#..g.#### #.###..#
)..O5.'.......# #.#....#
#.°.# .......## ##O#.#
#.###...+ #T{#.# #.#
#.#.# #.@#.# #.#
#.#.#######..#.# #.#
#.#..#...#...#.####
#.###.##.##.##...#.##.#
..........#†#....#.##.#
#####.###..)..#.##.##.##
.....................#
#####.#####..##.##.##.##
......### #..##.##.##.#


You could see a troll (confused), an ogre and a gnoll shaman (confused).

Vanquished Creatures
  Pikel (D:4)
  A kobold demonologist (D:6)
  Sigmund (D:3)
  A sky beast (D:6)
  2 black bears (D:6)
  A phantom (D:5)
  3 centaurs
  4 lemures (D:4)
  3 scorpions
  2 howler monkeys (D:5)
  2 hounds
  A jelly (D:4)
  An orc priest (D:5)
  Crazy Yiuf (D:3)
  3 iguanas
  3 orc wizards
  Natasha (thrice) (D:2)
  4 gnolls (D:4)
  8 adders
  A shadow imp (D:6)
  3 white imps
  2 ufetubi
  2 adder zombies (D:2)
  2 worms
  2 dart slugs
  17 orcs
  A bat skeleton (D:2)
  A bat zombie (D:2)
  10 endoplasms
  4 giant cockroaches
  5 goblins
  10 hobgoblins
  12 kobolds
  5 quokkas
  7 ball pythons
  A ball python zombie (D:2)
  5 bats
  2 frilled lizards
  A giant cockroach zombie (D:2)
  5 rats
143 creatures vanquished.

Vanquished Creatures (collateral kills)
  An orc (D:5)
1 creature vanquished.

Vanquished Creatures (others)
  3 withered plants (D:2)
3 creatures vanquished.

Grand Total: 147 creatures vanquished

Notes
Turn   | Place    | Note
-------+----------+-------------------------------------------
     0 | D:1      | pokeman the Deep Elf Hedge Wizard began the quest for the
                  | Orb.
     0 | D:1      | Reached XP level 1. HP: 10/10 MP: 7/7
   206 | D:1      | Reached XP level 2. HP: 15/15 MP: 1/9
   703 | D:1      | Reached skill level 5 in Spellcasting
   966 | D:1      | Reached XP level 3. HP: 20/20 MP: 9/11
   976 | D:1      | Learned a level 3 spell: Mephitic Cloud
   979 | D:1      | Learned a level 2 spell: Call Imp
   982 | D:1      | Learned a level 2 spell: Blink
   986 | D:1      | Learned a level 3 spell: Conjure Flame
  1427 | D:2      | Found a shadowy altar of Dithmenos.
  1758 | D:2      | Reached skill level 1 in Fighting
  1758 | D:2      | Reached skill level 1 in Armour
  2159 | D:2      | Reached XP level 4. HP: 25/25 MP: 3/13
  2251 | D:2      | Noticed Natasha
  2264 | D:2      | Killed Natasha
  2546 | D:2      | Noticed Natasha
  2555 | D:2      | Killed Natasha
  2556 | D:2      | Reached skill level 1 in Fire Magic
  2652 | D:2      | Noticed Natasha
  2665 | D:2      | Killed Natasha
  2666 | D:2      | Reached skill level 6 in Spellcasting
  2666 | D:2      | Reached XP level 5. HP: 20/29 MP: 1/15
  3071 | D:3      | Found a runed translucent door.
  3072 | D:3      | Noticed Crazy Yiuf
  3330 | D:3      | Found an ornate altar of the Wu Jian Council.
  3826 | D:3      | Noticed Sigmund
  3855 | D:3      | Killed Sigmund
  3856 | D:3      | Reached skill level 1 in Air Magic
  3856 | D:3      | Reached XP level 6. HP: 19/34 MP: 9/17
  4059 | D:3      | Killed Crazy Yiuf
  4060 | D:3      | Reached skill level 7 in Spellcasting
  4486 | D:4      | Noticed Pikel
  4520 | D:4      | Killed Pikel
  4521 | D:4      | Reached skill level 8 in Spellcasting
  4521 | D:4      | Reached XP level 7. HP: 23/38 MP: 6/21
  5096 | D:4      | Found a bloodstained altar of Trog.
  5130 | D:4      | Found a hazy altar of Hepliaklqana.
  5250 | D:5      | Entered Level 5 of the Dungeon
  5348 | D:5      | Reached XP level 8. HP: 27/43 MP: 18/22
  5379 | D:5      | Reached skill level 1 in Shields
  5379 | D:5      | Reached skill level 9 in Spellcasting
  5689 | D:5      | Found a staircase to the Ecumenical Temple.
  5717 | Temple   | Entered the Ecumenical Temple
  6003 | Temple   | Became a worshipper of Vehumet
  6190 | D:5      | Reached skill level 5 in Conjurations
  6678 | D:6      | Found the +8 arc blade {discharge, rElec}
  6689 | D:6      | Reached skill level 10 in Spellcasting
  7199 | D:6      | Found a transporter.
  7203 | D:6      | Identified the +1 ring mail of Kyheuc {rF+ Str-5 Dex+5}
  7461 | D:6      | Found a transporter.
  7483 | D:6      | Noticed a toenail golem
  7490 | D:6      | Found a one-way gate to the infinite horrors of the Abyss.
  7490 | D:6      | Noticed Heh's ghost (novice OpWz)
  7539 | D:6      | Reached XP level 9. HP: 47/47 MP: 22/25
  7628 | D:6      | Noticed a kobold demonologist
  7630 | D:6      | Noticed a rust devil
  7634 | D:6      | Killed a kobold demonologist
  7635 | D:6      | Reached skill level 11 in Spellcasting
  7746 | D:6      | Noticed a troll
  7759 | D:6      | Slain by a shadow

Illustrated notes

Levels and vault maps discovered:
D:1:      roderic_chinese_lattice_arrival, layout_basic
D:2:      layout_loops_ring, basic_altar, serial_undead, serial_undead_d,
          serial_undead_a, serial_undead_d, serial_undead_b, serial_undead_b,
          serial_undead_d, serial_undead_a, kennysheep_generic_room_12,
          uniq_natasha
D:3:      minmay_octagon_keep, layout_basic,
          nicolae_wu_jian_immortal_techniques, minivault_4, serial_bayou_pond_e,
          uniq_crazy_yiuf_cottage, uniq_sigmund
D:4:      layout_basic, nicolae_overflow_crystal_walls, amcnicky_altar_gilded,
          uniq_pikel
D:5:      layout_loops_ring, minmay_temple_entry_grid
D:6:      layout_basic, gammafunk_ghost_abyssal_escape, minmay_divided_ellipse
Temple:   regret_index_temple_generic_petals

Skill      XL: |  1  2  3  4  5  6  7  8  9 |
---------------+----------------------------+-----
Spellcasting   | 5 6 8 10 11 | 11.1
Fighting       | 1 |  1.4
Armour         | 1 2 |  2.0
Conjurations   | 2 3 4 5 6 |  6.0
Fire Magic     | 1 3 4 |  4.2
Dodging        | 3 |  3.0
Stealth        | 3 |  3.3
Air Magic      | 1 |  1.6
Poison Magic   | 2 |  2.4
Evocations     | 2 |  2.4
Shields        | 2 |  2.0
Summonings     | |  1.1
Translocations | |  1.1

Action                   |  1- 3 |  4- 6 |  7- 9 || total
-------------------------+-------+-------+-------++-------
Melee: Dagger            |     1 |    17 |       ||    18
       Quarterstaff      |       |    12 |    55 ||    67
       Rapier            |       |       |    20 ||    20
 Cast: Magic Dart        |   131 |   128 |    87 ||   346
       Mephitic Cloud    |       |     8 |    20 ||    28
       Conjure Flame     |       |     4 |     2 ||     6
       Call Imp          |       |     1 |       ||     1
 Stab: Confused          |       |     4 |     8 ||    12
       Sleeping          |       |     1 |     1 ||     2
       Paralysed         |       |     2 |       ||     2
Armor: Robe              |     5 |     2 |       ||     7
       Leather armour    |       |     1 |    33 ||    34
Dodge: Dodged            |    16 |    14 |    61 ||    91

Table legend: (Time is in decaauts)
 A = Elapsed time spent in this place.
 B = Non-inter-level travel time spent in this place.
 C = Inter-level travel time spent in this place.
 D = Time resting spent in this place.
 E = Time spent auto-exploring this place.
 F = Levels seen in this place.
 G = Mean time per level.
                   A        B        C        D        E       F      G
               +--------+--------+--------+--------+--------+-----+--------+
         Total |   7797 |   7625 |    172 |    290 |   6281 |   7 | 1113.9 |
       Dungeon |   7456 |   7337 |    119 |    290 |   6011 |   6 | 1242.7 |
        Temple |    340 |    287 |     53 |      0 |    270 |   1 |  340.0 |
               +--------+--------+--------+--------+--------+-----+--------+

Top non-repeatable levels by time:
     D:1: 1427 daAuts
     D:3: 1407 daAuts
     D:2: 1354 daAuts
     D:5: 1093 daAuts
     D:6: 1091 daAuts
     D:4: 1082 daAuts
  Temple: 340 daAuts
